AoeStats
← sebastianbel43

Arabia

507886300Analyzed
1v1 RM · 13d ago on Sep 20, 2026· 68m 34s· 2 players
Game mode
Random Map
Map size
Tiny (2 player)
Population
200
Speed
Normal
Resources
Standard
Victory
Conquest
Starting age
Dark Age
Ending age
Imperial Age
RankedLock teamsTeams togetherTeam positionsShared explorationLock speedFull tech treeHidden civsTurbo modeCheats
Victory
Defeat
🇹🇷 Italians · Türkiye
694
+19
🇨🇴 Inca · Colombia
758
-19
SexeS
9:27 Feudal Age
7:45 Loom
10:03 Double-Bit Axe
10:00 Horse Collar
18:07 Bloodlines
18:35 Forging
23:04 Castle Age
23:49 Husbandry
25:05 Gold Mining
28:38 Wheelbarrow
27:49 Town Watch
29:20 Bow Saw
29:17 Heavy Plow
33:18 Stone Mining
37:14 Padded Archer Armor
37:04 Fletching
37:20 Scale Barding Armor
37:51 Iron Casting
38:34 Hand Cart
38:19 Town Patrol
42:48 Silk Road
43:01 Leather Archer Armor
42:42 Bodkin Arrow
43:08 Chain Barding Armor
46:40 Imperial Age
47:40 Cavalier
49:10 Conscription
48:11 Elite Genoese Crossbowman
49:02 Pirotechnia
49:28 Hoardings
49:08 Onager
56:16 Ring Archer Armor
55:46 Bracer
56:49 Blast Furnace
56:25 Plate Barding Armor
62:26 Ballistics
63:06 Chemistry
61:51 Arrowslits
62:17 Masonry
61:48 Treadmill Crane
61:59 Heated Shot
62:04 Murder Holes
sebastianbel43
4:07 Loom
10:04 Feudal Age
15:05 Town Watch
16:46 Double-Bit Axe
17:59 Horse Collar
19:50 Fletching
20:00 Padded Archer Armor
23:07 Forging
22:58 Scale Mail Armor
25:32 Wheelbarrow
24:45 Champi Runner
32:35 Castle Age
30:35 Arson
33:33 Heavy Plow
33:48 Bow Saw
34:41 Pikeman
37:30 Hand Cart
37:26 Squires
39:46 Iron Casting
39:55 Chain Mail Armor
40:40 Champi Warrior
50:08 Imperial Age
49:21 Murder Holes
56:07 Blast Furnace
55:42 Plate Mail Armor
59:54 Onager
62:37 Crop Rotation
62:01 Gold Mining
62:08 Elite Champi Warrior
64:48 Bodkin Arrow
65:09 Leather Archer Armor
65:01 Halberdier
Connection lost

Rejoining the realm…

Still unreachable

The connection could not be restored.

Session expired

The server has moved on; the page needs a fresh start.